cohdb
Replays
Latest Replays
All Replays
Popular Replays
Top Player Replays
Match Explorer
How It Works
Community
CoH3 Stats
Reddit
Sign in to upload your games and track your stats! →
Sign in with Steam
Match 35541365
Unlisted
Match 35541365
Overview
Messages
Build Orders
End
Construct Infanterie Kompanie
Grenadier Squad
MG 42 Machine Gun Team
GrW 34 Mortar Team
Grenadier Squad
Grenadier Squad
Medical Station
Construct Luftwaffe Kompanie
Jäger Squad
RuiBOOM
whatislove
matrix4x4
Viktoria Silverbrett
剩者为王
既定之天命
米浴
Katana
0
0
Comments
sign in to comment!
No comments posted yet!